 Dungeon Crawl Stone Soup version 0.24.0-7-gb3623d2c88 (webtiles) character file.

Game seed: 16869255999438683974, levelgen mode: classic

634 EnegeticOcto the Vandal (level 7, -2/43 HPs)
             Began as an Octopode Hunter on Nov 2, 2019.
             Was an Initiate of Nemelex Xobeh.
             Slain by an ice beast (6 damage)
             ... on level 7 of the Dungeon.
             The game lasted 00:05:20 (4728 turns).

EnegeticOcto the Vandal (Octopode Hunter)           Turns: 4728, Time: 00:05:21

Health: -2/43      AC:  1    Str: 11    XL:     7   Next: 49%
Magic:  8/8        EV: 21    Int: 15    God:    Nemelex Xobeh [......]
Gold:   105        SH:  0    Dex: 20    Spells: 6/6 levels left

rFire    . . .     SeeInvis .   b - +0 short sword
rCold    . . .     Gourm    .   (no shield)
rNeg     . . .     Faith    .   (helmet restricted)
rPois    .         Spirit   .   (no amulet)
rElec    .         Reflect  .   (no ring)
rCorr    .         Harm     .   (no ring)
MR       .....                  (no ring)
Stlth    +++++.....             (no ring)
HPRegen  0.14/turn              (no ring)
MPRegen  0.11/turn              (no ring)
                                (no ring)
                                (no ring)

@: agile
A: almost no armour, stealthy swim, amphibious, 8 rings, constrict 8, camouflage
1, agile 1, deterioration 1, frail 1, gelatinous body 1
a: Draw Escape, Draw Destruction, Draw Summoning, Renounce Religion


You were on level 7 of the Dungeon.
You worshipped Nemelex Xobeh.
Nemelex Xobeh was noncommittal.
You were not hungry.

You visited 1 branch of the dungeon, and saw 6 of its levels.

You collected 105 gold pieces.

Inventory:

Hand Weapons
 a - a +1 hunting sling
 b - a +0 short sword (weapon)
 g - a +0 glaive
Missiles
 c - 20 sling bullets
 f - 126 stones (quivered)
 n - 4 silver javelins
Scrolls
 d - a scroll of blinking {@r4}
 j - a scroll of amnesia
 m - 2 scrolls of remove curse {@r2}
 p - 2 scrolls of identify {@r1}
 q - a scroll of fog {unknown}
Potions
 i - 2 potions of might {@q3 !q}
 l - a potion of mutation
Comestibles
 e - 7 rations


   Skills:
 + Level 4.2 Fighting
 + Level 5.5 Slings
 + Level 4.1 Dodging
 + Level 5.4 Stealth
 + Level 2.0 Invocations


You had 6 spell levels left.
You didn't know any spells.
Your spell library was empty.

Dungeon Overview and Level Annotations

Branches:
Dungeon (7/15)             Temple (0/1) D:7

Altars:
Nemelex Xobeh
Sif Muna
Xom

Annotations:
D:6 Blork the orc


Innate Abilities, Weirdness & Mutations

You cannot wear most types of armour.
You are very stealthy in the water. (Stealth+)
You are amphibious.
You can wear up to eight rings at the same time.
You can use your tentacles to constrict eight enemies at once.
Your skin changes colour to match your surroundings (Stealth+).
Your rubbery body absorbs attacks. (AC +1, EV +1)
You are agile. (Dex +2)
Your body sometimes deteriorates upon taking damage.
You are frail. (-10% HP)


Message History

The giant cockroach waves its antennae.
You completely miss the giant cockroach.
Your grab misses the giant cockroach. The giant cockroach barely misses you.
You barely miss the giant cockroach. You grab the giant cockroach.
You squeeze the giant cockroach, but do no damage.
You constrict the giant cockroach. The giant cockroach closely misses you.
The giant cockroach barely misses you.
You barely miss the giant cockroach. You squeeze the giant cockroach.
You kill the giant cockroach!
No target in view!
No target in view!
No target in view!
No target in view!
No target in view!
No target in view!
HP restored.
f - 111 stones (gained 20)
You now have 105 gold pieces (gained 16).
f - 126 stones (gained 15)
An ice beast comes into view.
An ice beast is nearby!
Found a viscous puce potion.
The helpless ice beast fails to defend itself.
You hit the ice beast. You squeeze the ice beast!
The ice beast is heavily wounded.
The ice beast barely misses you.
You closely miss the ice beast.
The ice beast is heavily wounded.
The ice beast barely misses you.
You closely miss the ice beast.
The ice beast is heavily wounded.
The ice beast barely misses you.
You closely miss the ice beast.
The ice beast is heavily wounded.
The ice beast misses you. x2
You hit the ice beast. Your squeeze misses the ice beast.
The ice beast is severely wounded.
The ice beast hits you. The ice beast freezes you!
You hit the ice beast but do no damage.
The ice beast is severely wounded.
The ice beast hits you. The ice beast freezes you.
You barely miss the ice beast. Your squeeze misses the ice beast.
The ice beast is severely wounded.
The ice beast closely misses you.
You closely miss the ice beast.
The ice beast is heavily wounded.
The ice beast hits you. The ice beast freezes you.
You are too injured to fight recklessly!
You are too injured to fight recklessly!
You are too injured to fight recklessly!
You are too injured to fight recklessly!
You are too injured to fight recklessly!
You hit the ice beast but do no damage.
You squeeze the ice beast, but do no damage.
The ice beast is heavily wounded.
The ice beast closely misses you.
You hit the ice beast but do no damage. Your squeeze misses the ice beast.
The ice beast is heavily wounded.
The ice beast barely misses you.
You draw a card...
You have drawn Pain.
Press: ? - help, Shift-Dir - straight line, f - ice beast
Aim: an ice beast (heavily wounded)
The ice beast convulses!
The ice beast barely misses you.
You closely miss the ice beast.
The ice beast is severely wounded.
The ice beast barely misses you.
You closely miss the ice beast. Your squeeze misses the ice beast.
The ice beast is severely wounded.
The ice beast hits you. The ice beast freezes you!
* * * LOW HITPOINT WARNING * * *
You draw a card...
You have drawn the Storm.
A fierce wind blows from the card.
The ice beast is blown away by the wind.
You hear mighty peals of thunder!
You hear a shout! x6; You hear an angry hiss.
Blork the orc comes into view.
He is wielding a +0 short sword.
Blork the orc points at you and mumbles some strange words.
The puff of flame hits you.
* * * LOW HITPOINT WARNING * * *
It was a potion of mutation.
You feel extremely strange.
You feel frail.
You feel yourself wasting away.
You feel agile. The ice beast barely misses you.
It was a potion of agility.
You feel agile all of a sudden. The ice beast misses you.
It was a potion of curing.
You feel better.
Blork the orc gestures wildly while chanting.
Blork the orc seems to speed up.
The ice beast misses you.
There is a stone staircase leading down here.
Blork the orc completely misses you.
You climb downwards.
There is a stone staircase leading up here.
The ice beast completely misses you.
The sky beast flickers out of sight!
Deactivating autopickup; reactivate with Ctrl-A.
You draw a card...
You have drawn the Elements.
The ice beast hits you.
* * * LOW HITPOINT WARNING * * *
The ice beast freezes you.
You die...
Your body disappears without a glow.

# #..<#.........
##.#...#........
#..............
#.#.#.#.#.#.###
.............#
...#.......#.#
.............#
.#.#)..>...#.########
.............Y@lv..#
..#.......#.h#####.#
.............# #.#
.#.#.#.#.#.######.#
..................#
......#...........#
.. .##.#.#####.# ..
#. #.# #.#


You could see an ice beast, a friendly raiju, a friendly basilisk and a friendly
fire vortex.

Vanquished Creatures
  Sigmund (D:2)
  A sky beast (D:7)
  2 bullfrogs (D:7)
  2 crimson imps (D:7)
  A howler monkey (D:4)
  Robin (D:2)
  3 gnolls (D:3)
  3 adders
  An ooze (D:2)
  A worm (D:2)
  3 leopard geckos
  7 giant cockroaches
  9 goblins
  15 hobgoblins
  12 jackals
  10 kobolds
  A ball python (D:2)
  8 bats
  3 frilled lizards
  A leopard gecko zombie (D:6)
  5 rats
90 creatures vanquished.

Notes
Turn   | Place    | Note
-------+----------+-------------------------------------------
     0 | D:1      | EnegeticOcto the Octopode Hunter began the quest for the
                  | Orb.
     0 | D:1      | Reached XP level 1. HP: 14/14 MP: 1/1
   218 | D:1      | Reached XP level 2. HP: 9/19 MP: 2/2
  1013 | D:1      | Found a shimmering altar of Xom.
  1016 | D:1      | Reached XP level 3. HP: 25/25 MP: 3/3
  1909 | D:2      | Noticed Robin
  1918 | D:2      | Reached XP level 4. HP: 21/30 MP: 4/4
  1926 | D:2      | Killed Robin
  2621 | D:2      | Noticed Sigmund
  2630 | D:2      | Killed Sigmund
  2630 | D:2      | Reached skill level 5 in Slings
  2630 | D:2      | Reached XP level 5. HP: 16/36 MP: 5/5
  2630 | D:2      | Reached XP level 6. HP: 19/42 MP: 6/6
  3511 | D:3      | Found a shimmering altar of Xom.
  3513 | D:3      | Found a shimmering blue altar of Sif Muna.
  3513 | D:3      | Found a sparkling altar of Nemelex Xobeh.
  3522 | D:3      | Became a worshipper of Nemelex Xobeh the Trickster
  3765 | D:3      | Received a gift from Nemelex Xobeh
  3918 | D:4      | You fall into a shaft and drop 3 floors!
  3942 | D:7      | Reached skill level 1 in Invocations
  4077 | D:7      | Noticed a sky beast
  4109 | D:7      | Reached XP level 7. HP: 47/47 MP: 7/7
  4162 | D:7      | Reached skill level 5 in Stealth
  4460 | D:7      | Found a staircase to the Ecumenical Temple.
  4709 | D:6      | Noticed Blork the orc
  4710 | D:6      | HP: 1/48 [Blork the orc/puff of flame (6)]
  4711 | D:6      | Gained mutation: You are frail. (-10% HP) [potion of
                  | mutation]
  4711 | D:6      | Gained mutation: Your body sometimes deteriorates upon
                  | taking damage. [potion of mutation]
  4711 | D:6      | Gained mutation: You are agile. (Dex +2) [potion of
                  | mutation]
  4728 | D:7      | Slain by an ice beast

Levels and vault maps discovered:
D:1:      lordsloth_arrival_two_stooges, layout_basic, minmay_strange_pillars,
          xom_teletrap_fun
D:2:      layout_basic, first_ration, uniq_robin, uniq_sigmund
D:3:      layout_loops_ring, gammafunk_temple_overflow_forgotten, serial_glass,
          glass_columns_b, glass_columns_a
D:4:      layout_loops_ring, serial_shops, shop
D:6:      layout_cave_pods, serial_shops, nicolae_shop_waterfront, shop_statue,
          nicolae_shop_temple_entry_statues_fountains, uniq_blork_the_orc,
          uniq_duvessa
D:7:      layout_basic, minmay_temple_entry_glass,
          nicolae_ru_the_path_less_chosen

Skill      XL: |  1  2  3  4  5  6  7 |
---------------+----------------------+-----
Stealth        | 2 4 5 |  5.4
Fighting       | 3 4 |  4.2
Slings         | 5 |  5.5
Dodging        | 3 4 |  4.1
Invocations    | 1 2 |  2.0

Action                   |  1- 3 |  4- 6 |  7- 9 || total
-------------------------+-------+-------+-------++-------
Melee: Short sword       |    75 |    83 |    42 ||   200
       Constrict         |    24 |    18 |     3 ||    45
       Tentacles         |    18 |    16 |     7 ||    41
 Fire: Hunting sling     |    11 |       |       ||    11
 Abil: Draw Destruction  |       |       |     2 ||     2
       Draw Summoning    |       |       |     1 ||     1
  Use: Scroll            |       |     4 |       ||     4
       Potion            |       |       |     4 ||     4
 Stab: Distracted        |     1 |       |       ||     1
       Sleeping          |     6 |    18 |     1 ||    25
  Eat: Chunk             |     3 |     7 |       ||    10
       Ration            |       |       |     1 ||     1
Armor: Skin              |     1 |     3 |     2 ||     6
Dodge: Dodged            |    50 |    36 |    37 ||   123
